 Dungeon Crawl Stone Soup version 0.23.1 (webtiles) character file.

Game seed: 17147212149575982160

756 Irenicus the Geomancer (level 7, -11/55 HPs)
             Began as a Deep Dwarf Earth Elementalist on Mar 12, 2019.
             Mangled by Duvessa
             ... wielding a +0 rapier
              (13 damage)
             ... on level 5 of the Dungeon.
             The game lasted 00:15:50 (1918 turns).

Irenicus the Geomancer (DDEE)                       Turns: 1918, Time: 00:15:51

Health: -11/55     AC:  7    Str: 10 (12) XL:     7   Next: 50%
Magic:  2/9        EV: 12    Int: 15      God:
Gold:   173        SH:  0    Dex: 10 (13) Spells: 7/10 levels left

rFire    . . .     SeeInvis .   n - +2 short sword (speed)
rCold    . . .     Gourm    .   (no shield)
rNeg     . . .     Faith    .   c - +0 robe
rPois    .         Spirit   .   l - +1 helmet
rElec    .         Reflect  .   (no cloak)
rCorr    .         Harm     .   a - +2 pair of gloves
MR       +....                  (no boots)
Stlth    ++........             (no amulet)
HPRegen  0.00/turn              j - -2 ring of intelligence (curse)
MPRegen  0.11/turn              (no ring)

@: non-regenerating
A: damage resistance, heal wounds, sense surroundings 1, no regeneration
a: Heal Wounds


You were on level 5 of the Dungeon.
You were not hungry.

You visited 1 branch of the dungeon, and saw 5 of its levels.

You collected 173 gold pieces.

Inventory:

Hand Weapons
 f - a +0 dagger
   (You found it on level 1 of the Dungeon)
 n - a +2 short sword of speed (weapon)
   (You took it off an orc on level 3 of the Dungeon)
Missiles
 b - 47 stones (quivered)
Armour
 a - a +2 pair of gloves (worn)
   (You found it on level 4 of the Dungeon)
 c - a +0 robe (worn)
 e - a +0 pair of gloves
   (You found it on level 1 of the Dungeon)
 l - a +1 helmet (worn)
   (You found it on level 3 of the Dungeon)
Jewellery
 j - a cursed -2 ring of intelligence (left hand)
   (You found it on level 2 of the Dungeon)
Wands
 h - a wand of disintegration (2)
   (You found it on level 3 of the Dungeon)
 k - a wand of iceblast (10)
   (You found it on level 4 of the Dungeon)
 o - a wand of digging (5)
   (You found it on level 4 of the Dungeon)
Scrolls
 g - 3 scrolls of teleportation
 m - 2 scrolls of identify
 p - a scroll of fog
Potions
 i - 2 potions of might
 q - a potion of magic
 r - a potion of curing
Comestibles
 d - 5 rations


   Skills:
 - Level 2.2 Dodging
 - Level 2.4 Stealth
 - Level 2.0 Spellcasting
 - Level 0.8 Transmutations
 + Level 11.3 Earth Magic


You had 7 spell levels left.
You knew the following spells:

 Your Spells              Type           Power        Failure   Level  Hunger
a - Sandblast             Erth           #####.       1%          1    #......
w - Passwall              Tmut/Erth      ###.....     2%          2    ###....

Your spell library contained the following spells:

 Spells                   Type           Power        Failure   Level  Hunger
 Stone Arrow              Conj/Erth      ###...       6%          3    ###....
 Lee's Rapid Deconstruct  Erth           #####.....   6%          5    ######.
 Petrify                  Tmut/Erth      ###.....     19%         4    #####..


Dungeon Overview and Level Annotations

Branches:
Dungeon (5/15)
 Temple: D:4-7

Altars:
Ashenzari
Cheibriados
Gozag
Hepliaklqana
Nemelex Xobeh
Ru
Vehumet

Annotations:
D:3 3 runed translucent doors, poirepourri's ghost, amateur GrFi
D:5 Duvessa


Innate Abilities, Weirdness & Mutations

You are resistant to damage.
You can heal yourself by infusing magical energy.
You passively map a small area around you.
You do not regenerate.


Message History

p - a scroll of fog
q - a potion of magic As you open the door, it creaks loudly!
There is an open door here.
A rock wall.
You begin to meditate on the wall.
You continue meditating on the rock. x2
You finish merging with the rock.
You now have 3/9 mp.
You are feeling hungry.
A rock wall.
You begin to meditate on the wall.
You continue meditating on the rock. x2
You finish merging with the rock.
You now have 3/9 mp.
A rock wall.
You begin to meditate on the wall.
You continue meditating on the rock. x2
You finish merging with the rock.
Found a scroll of fog and a chain mail.
Found a stone staircase leading up and a stone staircase leading down.
You now have 1/9 mp.
A rock wall.
You begin to meditate on the wall.
You continue meditating on the rock. x2
You finish merging with the rock.
An orc comes into view.
You now have 0/9 mp.
You don't have enough magic to cast that spell.
Unknown command.
The helpless orc fails to defend itself.
You hit the orc. The orc hits you but does no damage.
You closely miss the orc. The orc misses you.
You hit the orc but do no damage. You hit the orc but do no damage.
The orc closely misses you.
You barely miss the orc. The orc barely misses you.
You barely miss the orc. The orc hits you.
* * * LOW HITPOINT WARNING * * *
You take 1 damage, and have 3/55 hp.
You hit the orc but do no damage.
Okay, then.
You hit the orc.
You kill the orc!
You see here a +0 scale mail.
r - a potion of curing You open the door.
Found a snail-covered altar of Cheibriados.
There is an open door here.
A rock wall.
You begin to meditate on the wall.
You continue meditating on the rock. x2
You finish merging with the rock.
You now have 3/9 mp.
You are feeling very hungry.
Found a stone staircase leading down.
Aim: an orc, wielding a +0 hand axe (resting)
The blast of sand hits the orc!!
You kill the orc!
b - 51 stones You now have 4/9 mp.
Things that are here:
a +0 hand axe; an orc corpse You butcher the orc corpse.
Things that are here:
a +0 hand axe; 3 chunks of flesh {@w0}; an orc skeleton Eating one of 3 chunks of flesh {@w0}.
You eat one of the 3 chunks of flesh {@w0}.
There is a stone staircase leading down here.
You climb downwards.
There is a stone staircase leading up here.
A giant cockroach zombie comes into view.
Found a radiant altar of Vehumet.
A rock wall.
You begin to meditate on the wall.
You continue meditating on the rock. x3
You finish merging with the rock.
A water moccasin and Dowan come into view.
You now have 6/9 mp.
The helpless Dowan fails to defend himself.
You hit Dowan.
Aim: Dowan, wielding a +0 dagger and wearing a +0 robe (lightly wounded)
The blast of sand hits Dowan!!
You kill Dowan!
You hear a distant scream of rage.
You feel your strength returning.
Your life force feels restored.
b - 50 stones Duvessa, Sister of Dowan comes into view.
She is wielding a +0 rapier.
You now have 5/9 mp.
Aim: a water moccasin (resting)
The blast of sand hits the water moccasin!!
b - 49 stones Duvessa shouts!
Duvessa goes berserk!
You now have 4/9 mp.
Aim: Duvessa, wielding a +0 rapier and wearing a +0 leather armour (berserk, fast, unusually strong)
The blast of sand hits Duvessa!
b - 48 stones Duvessa closely misses you.
The water moccasin barely misses you.
You now have 3/9 mp.
Aim: a water moccasin (almost dead)
The blast of sand misses the water moccasin.
b - 47 stones Duvessa closely misses you.
The water moccasin bites you.
* * * LOW HITPOINT WARNING * * *
Duvessa hits you with a +0 rapier!
You die...

, # #. #.$.# #.#
#.#..#...###.# ,
#...$#.#...Z.####.
, ** **
#.._..........$#
#.#Z############
**, #...# ##### *
######### ,
.......@#* * *
#####.e.S.....#
#.#.#####.# * *
#.#.# *, , # #.# *
* #.# , , , , ,,
,#.# * #.. , , , ,


You could see Duvessa (berserk) and a water moccasin.

Vanquished Creatures
  An ogre (D:4)
  Dowan (D:5)
  3 wights (D:4)
  A hound (D:4)
  2 orc priests
  2 bullfrog skeletons (D:4)
  Terence (D:3)
  Jessica (D:3)
  2 orc wizards
  A worker ant (D:4)
  Robin (D:3)
  3 gnolls (D:3)
  8 adders
  2 worms
  5 dart slugs
  3 leopard geckos (D:1)
  11 orcs
  2 giant cockroaches (D:1)
  14 goblins
  5 hobgoblins
  6 jackals
  2 quokkas
  A ball python (D:2)
  7 bats
  5 frilled lizards
  9 kobolds
  6 rats
105 creatures vanquished.

Notes
Turn   | Place    | Note
-------+----------+-------------------------------------------
     0 | D:1      | Irenicus the Deep Dwarf Earth Elementalist began the quest
                  | for the Orb.
     0 | D:1      | Reached XP level 1. HP: 15/15 MP: 3/3
   100 | D:1      | Reached skill level 2 in Spellcasting
   188 | D:1      | Reached XP level 2. HP: 19/22 MP: 3/5
   266 | D:1      | Learned a level 2 spell: Passwall
   293 | D:1      | Reached skill level 5 in Earth Magic
   453 | D:2      | Found a sparkling altar of Nemelex Xobeh.
   472 | D:2      | Reached XP level 3. HP: 21/28 MP: 3/6
   524 | D:2      | Found an opulent altar of Gozag.
   613 | D:2      | Reached skill level 6 in Earth Magic
   633 | D:2      | Reached XP level 4. HP: 21/36 MP: 0/7
   761 | D:2      | Found a sacrificial altar of Ru.
   916 | D:3      | Noticed Robin
   946 | D:3      | Reached skill level 7 in Earth Magic
   959 | D:3      | Killed Robin
  1031 | D:3      | Found a shattered altar of Ashenzari.
  1042 | D:3      | Reached XP level 5. HP: 13/42 MP: 1/8
  1046 | D:3      | HP: 8/42 [orc/+0 club (4)]
  1085 | D:3      | Noticed Terence
  1119 | D:3      | Noticed Jessica
  1146 | D:3      | Killed Terence
  1154 | D:3      | Killed Jessica
  1154 | D:3      | Reached skill level 8 in Earth Magic
  1194 | D:3      | Found a runed translucent gate.
  1200 | D:3      | Found a runed translucent gate.
  1200 | D:3      | Found a runed translucent gate.
  1201 | D:3      | Noticed poirepourri's ghost (amateur GrFi)
  1246 | D:3      | HP: 8/42 [orc/+0 short sword (7)]
  1251 | D:3      | Reached XP level 6. HP: 5/49 MP: 0/9
  1330 | D:3      | Reached skill level 9 in Earth Magic
  1548 | D:4      | HP: 10/49 [wight/+5 hand axe (5)]
  1553 | D:4      | HP: 12/73 [ogre/cursed +0 giant club (15)]
  1554 | D:4      | Reached skill level 10 in Earth Magic
  1554 | D:4      | Reached XP level 7. HP: 13/55 MP: 0/10
  1590 | D:4      | HP: 13/55 [bullfrog skeleton (1)]
  1607 | D:4      | HP: 12/55 [jackal (1)]
  1640 | D:4      | HP: 11/55 [adder (1)]
  1689 | D:4      | HP: 8/55 [wight/cursed +2 morningstar of freezing (12)]
  1698 | D:4      | Reached skill level 11 in Earth Magic
  1720 | D:4      | Found a hazy altar of Hepliaklqana.
  1821 | D:4      | HP: 3/55 [orc (1)]
  1848 | D:4      | Found a snail-covered altar of Cheibriados.
  1895 | D:5      | Entered Level 5 of the Dungeon
  1902 | D:5      | Found a radiant altar of Vehumet.
  1914 | D:5      | Noticed Dowan
  1915 | D:5      | Killed Dowan
  1915 | D:5      | Noticed Duvessa
  1918 | D:5      | HP: 2/55 [water moccasin (1)]
  1918 | D:5      | Mangled by Duvessa

Skill      XL: |  1  2  3  4  5  6  7 |
---------------+----------------------+-----
Spellcasting   | 2 |  2.0
Earth Magic    | 5 6 7 8 10 11 | 11.3
Dodging        | |  2.2
Stealth        | |  2.4
Transmutations | |  0.8

Action                   |  1- 3 |  4- 6 |  7- 9 || total
-------------------------+-------+-------+-------++-------
Melee: Dagger            |    15 |    30 |       ||    45
       Short sword       |       |    56 |    59 ||   115
 Cast: Sandblast         |    37 |    85 |    14 ||   136
       Passwall          |     5 |     2 |     9 ||    16
 Abil: Heal Wounds       |       |     3 |     1 ||     4
  Use: Scroll            |     1 |     6 |       ||     7
       Potion            |       |     6 |     1 ||     7
 Stab: Sleeping          |     1 |     2 |     4 ||     7
  Eat: Chunk             |       |     4 |     3 ||     7
Armor: Robe              |     4 |    32 |    13 ||    49
       Skin              |       |    23 |    30 ||    53
Dodge: Dodged            |    20 |    74 |    30 ||   124

Levels and vault maps discovered:
D:1:      zaba_arrival_water, layout_basic, minmay_misc_feat_more_columns,
          st_stairs_8, palyth_stone_intersect
D:2:      layout_rooms, nicolae_gozag_seed_capital, nemelex_altar_shiori,
          serial_glass, glass_columns_a, glass_columns_b, glass_columns_b,
          glass_columns_a, glass_columns_b, glass_columns_b, glass_columns_c,
          glass_columns_b, glass_columns_c, glass_columns_a, glass_columns_a,
          glass_columns_c, glass_columns_c, glass_columns_b,
          nicolae_ru_the_path_less_chosen
D:3:      layout_loops_ring, lemuel_doored_altar, first_ration,
          ebering_ghost_rock_garden, uniq_terence, uniq_jessica, uniq_robin
D:4:      layout_gridville, kennysheep_little_box, marbit_many_paths
D:5:      layout_loops_ring, lemuel_crystal_altar, gammafunk_ghost_smash,
          uniq_duvessa, uniq_ijyb

Table legend:
 A = Turns spent in this place as a percentage of turns spent in the entire game.
 B = Non-inter-level travel turns spent in this place as a percentage of non-inter-level travel turns spent in the entire game.
 C = Inter-level travel turns spent in this place as a percentage of turns spent in this place.
 D = Turns resting spent in this place as a percentage of non-inter-level travel turns spent in this place.
 E = Turns spent auto-exploring this place as a percentage of non-inter-level travel turns spent in this place.
 F = Non-inter-level travel turns spent in this place divided by the number of levels of this place that you've seen.
                   A       B       C       D       E      F
               +-------+-------+-------+-------+-------+----------------------
         Total | 100.0 | 100.0 |   0.0 |   0.2 |   0.0 | 383.6
       Dungeon | 100.0 | 100.0 |   0.0 |   0.2 |   0.0 | 383.6
               +-------+-------+-------+-------+-------+----------------------

Table legend:
 A = Kills in this place as a percentage of kills in entire the game.
 B = Kills by you in this place as a percentage of kills by you in the entire game.
 C = Kills by friends in this place as a percentage of kills by friends in the entire game.
 D = Other kills in this place as a percentage of other kills in the entire game.
 E = Experience gained in this place as a percentage of experience gained in the entire game.
 F = Experience gained in this place divided by the number of levels of this place that you have seen.
                   A       B       C       D       E      F
               +-------+-------+-------+-------+-------+----------------------
         Total | 100.0 | 100.0 |   N/A |   N/A | 100.0 | 216.2
       Dungeon | 100.0 | 100.0 |   N/A |   N/A | 100.0 | 216.2
               +-------+-------+-------+-------+-------+----------------------
